 Dungeon Crawl Stone Soup version 0.18-a0-1799-g6250cb2 (webtiles) character file.

697706 epen the Cloud Mage (level 27, -40/217 HPs)
             Began as an Octopode Monk on Apr 23, 2016.
             Was the Champion of Cheibriados.
             Annihilated by an Orb Guardian (50 damage)
             ... on level 5 of the Realm of Zot.
             The game lasted 05:38:34 (66652 turns).

epen the Cloud Mage (Octopode Monk)                Turns: 66652, Time: 05:38:35

Health: -40/217    AC: 39    Str: 32    XL:     27
Magic:  16/36      EV: 38    Int: 47    God:    Cheibriados [******]
Gold:   7243       SH: 14    Dex: 54    Spells: 8 memorised, 13 levels left

rFire  + + .     SeeInvis +       - Unarmed
rCold  + . .     Gourm    .     D - +3 buckler {AC+3}
rNeg   + + .     Faith    .     x - +2 hat {Int+3}
rPois  ∞         Spirit   .     Y - amulet of Twilight {MR+ Regen+ Int+5 Dex+4}
rElec  +         Dismiss  .     U - ring of Summertime {Fire rElec Int+2}
rCorr  .         Reflect  .     k - ring of protection from fire
SustAt +         Harm     .     l - +4 ring of protection
MR     +++++     Clarity  +     A - ring "Depsytawn" {SustAt Int-4 Dex+10 SInv}
Stlth  +++++++...               i - +5 ring of intelligence
                                I - ring "Queg" {*Contam rN+ Str+4 Dex+7}
                                y - ring of protection from cold
                                r - ring of protection from cold

@: statue-form, tornado, flying (expiring), very slightly contaminated, deflect
missiles, very slow, almost entirely resistant to hostile enchantments,
extremely stealthy
A: almost no armour, amphibious, 8 rings, constrict 8, tentacle spike 1,
camouflage 1, see invisible, clarity, clever 1, clumsy 1, deterioration 1, frail
1, low mp 1, magic resistance 2, screaming 1, strong 1, (gelatinous body 0)
a: End Transformation, Bend Time, Temporal Distortion, Slouch, Step From Time,
Renounce Religion
}: 5/15 runes: decaying, slimy, silver, abyssal, gossamer


You were on level 5 of the Realm of Zot.
You worshipped Cheibriados.
Cheibriados was exalted by your worship.
You were very hungry.
You were a stone statue.
You visited 12 branches of the dungeon, and saw 61 of its levels.
You visited the Abyss 1 time.
You also visited: Labyrinth, Ossuary and Wizlab.

You collected 8859 gold pieces.
You spent 1616 gold pieces at shops.

Inventory:

Armour
 x - a +2 hat of intelligence (worn)
 D - a +3 buckler of protection (worn)
Jewellery
 i - a +5 ring of intelligence (on tentacle)
 k - a ring of protection from fire (right tentacle)
 l - a +4 ring of protection (on tentacle)
 r - a ring of protection from cold (on tentacle)
 y - a ring of protection from cold (on tentacle)
 A - the ring "Depsytawn" (on tentacle) {SustAt Int-4 Dex+10 SInv}
   (You found it on level 6 of the Pits of Slime)

   [ring of sustain attributes]

   It sustains your strength, intelligence and dexterity.
   It affects your intelligence (-4).
   It affects your dexterity (+10).
   It lets you see invisible.
 I - the ring "Queg" (on tentacle) {*Contam rN+ Str+4 Dex+7}
   (You found it on level 3 of the Crypt)

   [ring of positive energy]

   It affects your strength (+4).
   It affects your dexterity (+7).
   It protects you from negative energy.
   It causes magical contamination when unequipped.
 N - an uncursed ring of protection from cold
 S - an uncursed ring of resist corrosion
 U - the ring of Summertime (left tentacle) {Fire rElec Int+2}
   (You took it off a deep elf sorcerer on level 3 of the Elven Halls)

   [ring of fire]

   It enhances your fire magic, and weakens your ice magic.
   It affects your intelligence (+2).
   It protects you from fire.
   It makes you vulnerable to cold.
   It insulates you from electricity.
 Y - the amulet of Twilight (around mantle) {MR+ Regen+ Int+5 Dex+4}
   (You found it on level 3 of the Crypt)

   [amulet of regeneration]

   It affects your intelligence (+5).
   It affects your dexterity (+4).
   It affects your resistance to hostile enchantments.
   It increases your rate of regeneration.
Wands
 z - a wand of digging (19/24)
 Q - a wand of paralysis (13/24)
 V - a wand of disintegration (17/24)
 X - a wand of heal wounds (4/9)
Scrolls
 c - 22 scrolls of remove curse
 e - 4 scrolls of fog
 m - 12 scrolls of magic mapping
 o - 20 scrolls of identify
 p - 6 scrolls of fear
 q - 13 scrolls of teleportation
 s - 3 scrolls of blinking
 t - 5 scrolls of silence
 H - 8 scrolls of recharging
 J - a scroll of holy word
 M - a scroll of amnesia
 R - 2 scrolls of summoning
Potions
 d - 7 potions of heal wounds
 f - 26 potions of curing
 h - 4 potions of ambrosia
 n - 11 potions of agility
 u - 7 potions of magic
 v - 4 potions of cancellation
 w - 10 potions of lignification
 C - 8 potions of brilliance
 G - 2 potions of resistance
 L - 4 potions of invisibility
 O - 6 potions of flight
 P - 7 potions of might
Miscellaneous
 g - a legendary deck of changes {Dowsing, drawn: 1}
 j - a lamp of fire
 E - a phial of floods
 F - a box of beasts
 W - a sack of spiders
 Z - a fan of gales
Comestibles
 a - 35 bread rations
 b - 22 meat rations
 B - 21 beef jerkies
 K - 5 slices of pizza
 T - 35 fruits


   Skills:
 + Level 15.1 Fighting
 + Level 16.8 Dodging
 - Level 7.5 Stealth
 - Level 6.0 Shields
 * Level 20.7 Unarmed Combat
 - Level 13.1 Spellcasting
 - Level 11.0 Charms
 - Level 11.8 Transmutations
 * Level 25.9 Air Magic
 - Level 9.0 Earth Magic
 * Level 19.0 Invocations
 - Level 12.0 Evocations


You had 13 spell levels left.
You knew the following spells:

 Your Spells              Type           Power        Failure   Level  Hunger
a - Statue Form           Trmt/Erth      #######..    1%          6    None
b - Apportation           Tloc           ####......   1%          1    None
c - Ice Form              Ice/Trmt       #####...     1%          4    None
d - Ozocubu's Armour      Chrm/Ice       #####...     1%          3    None
e - Deflect Missiles      Chrm/Air       ########..   1%          6    None
f - Dragon Form           Trmt           #######...   6%          7    ###....
g - Tornado               Air            ########..   2%          9    ######.
h - Regeneration          Chrm/Necr      ######....   1%          3    None


Dungeon Overview and Level Annotations

Branches:
Dungeon (15/15)            Temple (1/1) D:4            Lair (8/8) D:9
  Swamp (4/4) Lair:6       Spider (4/4) Lair:5        Slime (6/6) Lair:6
    Orc (2/2) D:12            Elf (3/3) Orc:2        Vaults (5/5) D:13
  Crypt (3/3) Vaults:2       Tomb (0/3) Crypt:3      Depths (5/5) D:15
    Zot (5/5) Depths:5

Altars:
Ashenzari
Cheibriados
Fedhas
Gozag
Kikubaaqudgha
Makhleb
Okawaru
Pakellas
Qazlal
Sif Muna
Vehumet
Xom
Yredelemnul
Zin
Beogh

Shops:
Orc:2 }%**   Elf:1 [   Vaults:1 *   Vaults:4 :*?*=   Vaults:5 %

Portals:
Hell: Depths:1 Depths:2 Depths:3 Depths:4 Depths:5
Abyss: Depths:4
Pandemonium: Depths:3 Depths:5
Ziggurat: Depths:1

Annotations:
D:3 graki42's ghost, amateur HaAs
Elf:2 5 runed doors
Depths:4 1 exclusion


Innate Abilities, Weirdness & Mutations

You cannot wear most types of armour.
You are amphibious.
You can wear up to eight rings at the same time.
You can use your tentacles to constrict eight enemies at once.
Your skin changes colour to match your surroundings (Stealth).
((Your rubbery body absorbs attacks (AC +1).))
One of your tentacles bears a spike.
You have supernaturally acute eyesight.
You possess an exceptional clarity of mind.
Your mind is acute. (Int +2)
You are clumsy. (Dex -2)
Your body sometimes deteriorates upon taking damage.
You are frail (-10% HP).
Your magical capacity is low (-10% MP).
You are highly resistant to hostile enchantments.
You occasionally shout uncontrollably at your foes.
Your muscles are strong. (Str +2)


Message History

The Orb Guardian barely misses you.
The red draconian rages.
You thrash the Orb Guardian!!!!
You kill the Orb Guardian!
Cheibriados thoroughly appreciates the change of pace.
The Orb Guardian completely misses you. The Orb Guardian hits you!!!
* * * LOW HITPOINT WARNING * * *
Evoke which item? (* to show all) (? for menu, Esc to quit)
Zapping:
X - a wand of heal wounds (5/9)
Press: ? - help, Shift-Dir - straight line, f - you You feel much better.
This wand has 4 charges left.
You hear a roar! x4
The Orb Guardian barely misses you.
The red draconian rages.
The Orb Guardian hits you!!!
* * * LOW HITPOINT WARNING * * *
You hear a distant blaring wail to the west.
You hear a distant "Zot"!
You block the red draconian's attack. The Orb Guardian hits you!!!
You die...

###....###.#
##...##..#
###.......#
#.........#
#.........#
#.........#
###...#####
####...# #§8X...#
#d###### ***
*******#y#*******
***** ,,**
*.....§.y§§.....*
**,,,, ,,,**
*#.......§§....#*
**,,,,, ,,,,**
#.............#
**,,,,,, ,,,,,*
##...........##
*,,,,,,, ,,,,,*
#...........#
*,,,,,,, ,,,,,*
*#...........#*
*,,,,,,,


You could see a red draconian (berserk), an Orb Guardian (berserk) and 2 moths
of wrath.

Vanquished Creatures
  the Royal Jelly (Slime:6)
  Khufu (Crypt:2)
  The ghost of Scytalen the Wrestler, a legendary TrBe of Trog (Slime:6)
  An orb of fire (Zot:4)
  An ancient lich (Depths:4)
  A greater mummy (Crypt:2)
  4 caustic shrikes (Depths:4)
  A profane servitor (Crypt:3)
  8 bone dragons
  5 golden dragons
  Arachne (Spider:2)
  3 electric golems
  19 tentacled monstrosities
  Rupert (D:13)
  7 liches
  3 Orb Guardians (Zot:5)
  Asterion (Spider:1)
  A moon troll (WizLab)
  2 quicksilver dragons
  2 titans
  15 acid blobs
  2 deep elf blademasters (Elf:3)
  Gastronok (D:10)
  9 ancient champions
  5 death cobs
  4 sphinxes
  Roxanne (Elf:1)
  15 tentacled starspawn
  5 thorn hunters
  9 shadow dragons
  Agnes (Spider:4)
  5 tengu reavers
  13 storm dragons
  6 revenants
  3 draconian monks
  12 azure jellies
  9 frost giants
  3 fire giants
  4 draconian knights
  Donald (Spider:2)
  6 deep elf sorcerers
  Wiglaf (Spider:2)
  2 cacodemons
  10 ghost moths
  A frost giant (shapeshifter) (Depths:3)
  A draconian scorcher (Zot:4)
  5 draconian shifters (Zot:1)
  5 draconian zealots
  3 emperor scorpions
  11 vault wardens
  2 iron dragons
  2 deep elf elementalists
  A juggernaut zombie (Depths:4)
  2 spriggan defenders (Depths:4)
  3 draconian callers
  4 curse skulls
  11 ironheart preservers
  A juggernaut skeleton (Crypt:1)
  5 ghouls (Crypt:3)
  A reaper (Crypt:3)
  25 very ugly things
  15 stone giants
  7 green draconians
  7 vampire knights
  10 war gargoyles
  Nessos (Lair:5)
  7 black draconians
  7 draconian annihilators
  A caustic shrike skeleton (Depths:4)
  7 deep elf annihilators (Elf:3)
  4 deep elf demonologists (Elf:3)
  Azrael (Spider:2)
  A spark wasp (Spider:4)
  5 white draconians
  4 red draconians
  5 dire elephants (Lair:8)
  A spark wasp (shapeshifter) (Depths:3)
  6 yellow draconians
  4 purple draconians
  9 mottled draconians
  12 death oozes
  36 vault guards
  Josephine (Lair:8)
  A merfolk impaler (Abyss:3)
  6 eidola
  A minotaur (Lab)
  A mummy priest (Crypt:3)
  20 crystal guardians
  12 jiangshi
  13 ettins
  17 fire dragons
  10 deep elf death magi
  12 yaktaur captains
  4 rakshasas
  19 great orbs of eyes
  12 ice dragons
  5 deep elf high priests
  6 entropy weavers
  A monstrous demonspawn (Depths:5)
  An entropy weaver (shapeshifter) (Depths:3)
  An anaconda (Lair:8)
  2 ghost crabs
  20 hydras
  2 catoblepae
  3 spriggan air magi
  A hell beast (Depths:5)
  11 centaur warriors
  23 dancing weapons
  2 deep troll shamans
  7 alligators
  3 death knights
  4 tengu warriors
  12 vampire magi
  7 ogre magi
  3 deep troll earth magi
  A titan zombie (Crypt:1)
  4 hell hogs (Abyss:3)
  7 thrashing horrors
  A queen ant (Lair:6)
  5 death yaks (Lair:4)
  A sun demon (Abyss:1)
  A hell hog (shapeshifter) (Depths:4)
  27 hell knights
  A spriggan berserker (Depths:5)
  Urug (D:15)
  11 soul eaters
  2 storm dragon zombies
  10 wretched stars (Abyss:3)
  9 deep elf knights
  An iron golem (Depths:3)
  2 iron trolls (Depths:5)
  5 shadow wraiths
  A titan skeleton (Crypt:3)
  26 skeletal warriors
  A fire crab (shapeshifter) (Vaults:2)
  A sea snake (shapeshifter) (Depths:3)
  27 small abominations
  A golden dragon zombie (Abyss:3)
  3 spatial maelstroms
  4 orange crystal statues
  6 unseen horrors
  A ghost moth zombie (Abyss:1)
  2 spriggan druids
  5 flayed ghosts
  3 shambling mangroves
  An unseen horror (shapeshifter) (Depths:3)
  6 deep trolls
  9 deep elf archers
  17 giant orange brains
  Pikel (D:6)
  11 harpies
  14 ironbrand convokers
  2 golden dragon skeletons
  12 swamp dragons
  7 hill giants
  11 orc knights
  4 obsidian statues
  6 wizards
  10 phantasmal warriors
  13 necromancers
  A wolf spider zombie (D:15)
  An orc sorcerer (Vaults:5)
  18 wolf spiders
  7 orb spiders
  A stone giant zombie (Crypt:3)
  60 ugly things
  7 worldbinders
  2 griffons (shapeshifter)
  7 griffons
  An oklob plant (Zot:1)
  A salamander (shapeshifter) (Vaults:4)
  48 deep elf magi
  A moth of wrath (shapeshifter) (Depths:2)
  5 cyclopes
  A hornet (shapeshifter) (Vaults:3)
  A faun (shapeshifter) (Depths:3)
  3 manticores (D:15)
  4 shining eyes
  11 hornets
  16 elephants
  A sphinx skeleton (Depths:5)
  An iron dragon skeleton (Depths:4)
  16 moths of wrath
  A black mamba (shapeshifter) (Depths:3)
  6 sixfirhies
  An octopode (shapeshifter) (Vaults:5)
  4 rust devils
  A titan simulacrum (Crypt:3)
  22 vault sentinels
  4 orange demons
  4 torpor snails
  An apocalypse crab (Abyss:1)
  2 elephants (shapeshifter)
  2 stone giant skeletons
  11 black mambas
  5 spectral swamp worms (Depths:2)
  2 torpor snails (shapeshifter)
  6 eyes of devastation (WizLab)
  8 gargoyles
  A shock serpent skeleton (Crypt:3)
  5 smoke demons (Abyss:3)
  A catoblepas zombie (Crypt:1)
  3 molten gargoyles (Depths:3)
  20 spiny frogs
  2 efreet
  3 hellions
  A yellow draconian zombie (Crypt:2)
  4 rime drakes
  42 yaktaurs
  4 kobold demonologists
  13 komodo dragons
  2 hellwings
  A yaktaur zombie (Depths:1)
  9 guardian mummies
  12 freezing wraiths
  A demonic crawler (Spider:3)
  6 ancient zymes
  5 tengu conjurers
  9 trolls
  A minotaur zombie (Crypt:3)
  2 burning bushes (Zot:1)
  2 red devils
  A troll (shapeshifter) (Depths:3)
  3 giant leeches
  29 jumping spiders
  21 two-headed ogres
  A polar bear (Lair:6)
  111 slime creatures
  8 bog bodies
  Prince Ribbit (D:6)
  39 blink frogs
  A blink frog (shapeshifter) (Vaults:3)
  A frost giant simulacrum (Crypt:3)
  6 boulder beetles
  18 raiju
  A slime creature (shapeshifter) (Depths:3)
  A spriggan (shapeshifter) (Vaults:2)
  An elf skeleton (Depths:4)
  10 air elementals
  22 shadows
  Sigmund (D:4)
  5 water elementals
  2 ice dragon skeletons
  10 spriggans
  A tarantella (shapeshifter) (Depths:3)
  84 redbacks
  60 yaks
  3 vampires (Crypt:3)
  15 fire elementals
  28 tarantellas
  9 wraiths
  9 ynoxinuls
  5 basilisks
  2 yaks (shapeshifter)
  Grum (D:10)
  A wind drake skeleton (Crypt:2)
  3 wyverns
  6 golden eyes
  3 hungry ghosts (D:12)
  A human (shapeshifter) (Depths:3)
  44 vampire mosquitoes
  22 large abominations
  3 mottled dragons
  12 hippogriffs
  13 chaos spawn
  4 neqoxecs
  4 spatial vortices
  23 insubstantial wisps
  25 swamp worms
  22 soldier ants
  5 wargs
  A harpy simulacrum (Crypt:3)
  An orb spider zombie (Crypt:1)
  16 water moccasins
  A hell hound (shapeshifter) (Depths:3)
  4 hell hounds (Spider:2)
  57 orc warriors
  15 swamp drakes
  11 porcupines
  7 eyes of draining
  4 ice beasts
  5 black bears
  4 phantoms
  17 wasps
  A wasp (shapeshifter) (Vaults:5)
  An ettin simulacrum (Crypt:1)
  9 sky beasts
  A necrophage (Crypt:3)
  32 ogres
  24 centaurs
  An elephant skeleton (Crypt:2)
  10 wolves
  A snapping turtle skeleton (Abyss:3)
  17 crocodiles
  A big kobold (shapeshifter) (Depths:3)
  9 big kobolds
  3 human zombies
  4 elf zombies
  Blork the orc (D:5)
  27 giant frogs
  3 wyvern zombies
  8 earth elementals
  A komodo dragon skeleton (Crypt:1)
  3 gnoll sergeants
  A dryad skeleton (Crypt:2)
  4 scorpions
  A scorpion (shapeshifter) (Depths:3)
  3 wyvern skeletons
  A raiju zombie (Crypt:2)
  A water moccasin skeleton (D:5)
  A killer bee (shapeshifter) (Vaults:3)
  9 killer bees
  24 wights
  6 electric eels
  12 howler monkeys
  13 crimson imps
  2 giant frog zombies
  73 starcursed masses
  6 centaur zombies
  12 hounds
  2 human simulacra (Vaults:3)
  5 quasits
  4 iron imps
  18 orc priests
  5 giant frog skeletons
  A gnoll shaman (D:5)
  20 jellies
  30 orc wizards
  A two-headed ogre skeleton (Crypt:1)
  4 centaur skeletons
  12 iguanas
  Ijyb (D:3)
  4 human skeletons (Crypt:1)
  32 worker ants
  3 lightning spires (Zot:1)
  A porcupine skeleton (Crypt:3)
  19 sheep
  A big kobold zombie (Ossuary)
  A crocodile skeleton (Crypt:1)
  4 hound skeletons
  8 mummies
  A howler monkey zombie (D:6)
  3 worker ant zombies
  2 howler monkey skeletons
  19 gnolls
  9 adders
  59 river rats
  3 shadow imps
  5 white imps
  3 ufetubi
  An ooze (D:7)
  A halfling zombie (Crypt:1)
  5 adder skeletons
  3 adder zombies
  14 worms
  13 dart slugs
  7 giant geckos
  135 orcs
  9 bats
  A bat skeleton (D:2)
  5 giant cockroaches
  7 hobgoblins
  12 jackals
  2 quokkas
  A dart slug zombie (Crypt:2)
  2 giant gecko skeletons (D:6)
  2 giant gecko zombies
  8 giant newts
  6 goblins
  3 goblin zombies (Ossuary)
  A hobgoblin skeleton (Crypt:3)
  3 hobgoblin zombies (Ossuary)
  2 jackal skeletons
  25 kobolds
  2 kobold zombies (Ossuary)
  An orc zombie (Ossuary)
  2 quokka zombies (Ossuary)
  5 rats
  3 rat zombies (Ossuary)
  A briar patch (Swamp:2)
  A crawling corpse (Vaults:5)
  A fungus (Lair:8)
  A lost soul (Crypt:2)
  A lurking horror (Abyss:3)
  5 plants
  7 starspawn tentacles
3167 creatures vanquished.

Vanquished Creatures (others)
  A lich (Abyss:3)
  A deep elf master archer (Elf:3)
  A tentacled starspawn (WizLab)
  A tengu reaver (Depths:2)
  A draconian knight (Zot:4)
  An ogre mage (Vaults:1)
  A spriggan druid (Swamp:4)
  2 necromancers (Depths:4)
  A griffon (Lair:6)
  2 drowned souls (Abyss:3)
  A rime drake (shapeshifter) (Depths:3)
  A giant leech (Swamp:4)
  A raiju (Depths:3)
  A spriggan (Swamp:4)
  2 water elementals (Depths:3)
  A human (Depths:4)
  A golden eye (Abyss:1)
  2 small abominations (Abyss:3)
  A large abomination (Abyss:2)
  11 ball lightnings (Depths:3)
  A giant newt (D:6)
  A bush (Depths:2)
  8 demonic plants (WizLab)
  48 fungi
  3 lost souls
  2 lurking horrors (Abyss:1)
  64 plants
  35 starspawn tentacles
  574 starspawn tentacle segments
770 creatures vanquished.

Grand Total: 3937 creatures vanquished

Notes
Turn   | Place    | Note
--------------------------------------------------------------
     0 | D:1      | epen the Octopode Monk began the quest for the Orb.
     0 | D:1      | Reached XP level 1. HP: 16/16 MP: 1/1
   179 | D:1      | Reached XP level 2. HP: 18/21 MP: 2/2
   413 | D:1      | Reached XP level 3. HP: 24/26 MP: 3/3
  1216 | D:2      | Reached XP level 4. HP: 29/31 MP: 4/4
  1453 | D:3      | Noticed Ijyb
  1464 | D:3      | Killed Ijyb
  1825 | D:3      | Reached XP level 5. HP: 36/36 MP: 5/5
  1967 | D:3      | Noticed graki42's ghost (amateur HaAs)
  2943 | D:4      | Found a glowing silver altar of Zin.
  2956 | D:4      | Reached XP level 6. HP: 20/43 MP: 6/6
  3213 | D:4      | Reached skill level 5 in Unarmed Combat
  3428 | D:4      | Found an oddly glowing altar of Pakellas.
  4093 | D:4      | Noticed Sigmund
  4105 | D:4      | Killed Sigmund
  4105 | D:4      | Reached skill level 5 in Dodging
  4105 | D:4      | Reached skill level 5 in Stealth
  4105 | D:4      | Reached XP level 7. HP: 37/48 MP: 7/7
  4255 | D:4      | Found a staircase to the Ecumenical Temple.
  4263 | Temple   | Entered the Ecumenical Temple
  4276 | Temple   | Became a worshipper of Cheibriados the Contemplative
  4276 | Temple   | Reached * piety under Cheibriados
  4276 | Temple   | Reached ** piety under Cheibriados
  4668 | D:5      | Entered Level 5 of the Dungeon
  4946 | D:5      | Reached XP level 8. HP: 51/54 MP: 8/8
  5133 | D:5      | Reached skill level 5 in Fighting
  5174 | D:5      | Gained mutation: You possess an exceptional clarity of mind. [potion of mutation]
  5174 | D:5      | Gained mutation: You have supernaturally acute eyesight. [potion of mutation]
  5174 | D:5      | Gained mutation: Your mind is acute. (Int +2) [potion of mutation]
  5224 | D:5      | Reached *** piety under Cheibriados
  5477 | D:5      | Noticed Blork the orc
  5486 | D:5      | Killed Blork the orc
  5488 | D:5      | Noticed an air elemental
  5490 | D:5      | Found a stormy altar of Qazlal.
  5491 | D:5      | Noticed a water elemental
  5995 | D:6      | Noticed Pikel
  6040 | D:6      | Found a sand-covered staircase.
  6057 | Ossuary  | Entered an ossuary
  6281 | D:6      | Reached **** piety under Cheibriados
  6305 | D:6      | Reached XP level 9. HP: 62/62 MP: 9/9
  6383 | D:6      | Noticed Prince Ribbit
  6717 | D:6      | Killed Prince Ribbit
  6882 | D:6      | Found a burning altar of Makhleb.
  6920 | D:6      | Gained mutation: One of your tentacles bears a spike. [potion of mutation]
  6920 | D:6      | Gained mutation: You are resistant to hostile enchantments. [potion of mutation]
  7029 | D:6      | Reached skill level 1 in Invocations
  7250 | D:6      | Found an opulent altar of Gozag.
  7585 | D:6      | Killed Pikel
  7585 | D:6      | Reached XP level 10. HP: 57/69 MP: 10/12
  7939 | D:7      | Found a shattered altar of Ashenzari.
  8269 | D:7      | Found a deep blue altar of Sif Muna.
  8348 | D:7      | Found a runed door.
  8596 | D:7      | Reached ***** piety under Cheibriados
  9324 | D:7      | Found a roughly hewn altar of Beogh.
  9934 | D:8      | Reached skill level 5 in Invocations
 10503 | D:8      | Reached ****** piety under Cheibriados
 11071 | D:9      | Found an iron altar of Okawaru.
 11281 | D:9      | Found a blossoming altar of Fedhas.
 11289 | D:9      | Reached skill level 10 in Dodging
 11387 | D:9      | Reached XP level 11. HP: 75/75 MP: 15/15
 11547 | D:9      | Found a staircase to the Lair.
 11578 | D:9      | Reached skill level 10 in Unarmed Combat
 12364 | Lair:1   | Entered Level 1 of the Lair of Beasts
 12816 | D:10     | Entered Level 10 of the Dungeon
 12873 | D:10     | Noticed Gastronok
 12888 | D:10     | Killed Gastronok
 13148 | D:10     | Noticed Grum
 13325 | D:10     | Noticed a hill giant
 13336 | D:10     | Killed a hill giant
 13477 | D:10     | Killed Grum
 13760 | D:10     | Noticed an unseen horror
 13775 | D:10     | Killed an unseen horror
 13803 | D:10     | Noticed a hill giant
 14113 | D:10     | Killed a hill giant
 14227 | D:10     | Reached XP level 12. HP: 66/84 MP: 18/18
 15568 | D:11     | Found a glowing silver altar of Zin.
 17183 | D:12     | Found a staircase to the Orcish Mines.
 17460 | D:12     | Reached skill level 10 in Invocations
 17914 | Lair:1   | Reached XP level 13. HP: 90/90 MP: 20/20
 19097 | Lair:2   | Found a labyrinth entrance.
 19106 | Lab      | Entered a labyrinth
 19351 | Lab      | Noticed a minotaur
 19365 | Lab      | Killed a minotaur
 19390 | Lab      | Identified the Handbook of Evil Magic and Talismans
 19405 | Lab      | Learned a level 6 spell: Statue Form
 19414 | Lab      | Learned a level 1 spell: Apportation
 19779 | Lair:2   | Reached skill level 1 in Spellcasting
 19779 | Lair:2   | Reached skill level 1 in Transmutations
 19779 | Lair:2   | Reached skill level 1 in Earth Magic
 21291 | Lair:3   | Learned a level 4 spell: Ice Form
 21298 | Lair:3   | Learned a level 3 spell: Ozocubu's Armour
 22546 | Lair:4   | Reached skill level 5 in Transmutations
 22558 | Lair:4   | Reached skill level 5 in Earth Magic
 22558 | Lair:4   | Reached XP level 14. HP: 94/97 MP: 16/21
 23299 | Lair:5   | Noticed Nessos
 23309 | Lair:5   | Killed Nessos
 23309 | Lair:5   | Reached skill level 5 in Spellcasting
 23560 | Lair:5   | Found a hole to the Spider Nest.
 24527 | Lair:6   | Found a staircase to the Swamp.
 25053 | Lair:6   | Found a staircase to the Slime Pits.
 26569 | Lair:8   | Entered Level 8 of the Lair of Beasts
 26579 | Lair:8   | Reached XP level 15. HP: 102/102 MP: 21/26
 26653 | Lair:8   | Noticed Josephine
 26662 | Lair:8   | Killed Josephine
 26873 | Lair:8   | Found a shimmering altar of Xom.
 27137 | Lair:8   | Reached skill level 1 in Charms
 28292 | Orc:1    | Entered Level 1 of the Orcish Mines
 28615 | Orc:2    | Entered Level 2 of the Orcish Mines
 28762 | Orc:1    | Reached skill level 1 in Shields
 28866 | Orc:2    | Found a staircase to the Elven Halls.
 28916 | Orc:2    | Found Moocogaf's Food Shop.
 28916 | Orc:2    | Found Odghut's General Store.
 28918 | Orc:2    | Found Laof's Assorted Antiques.
 28920 | Orc:2    | Found Saimm's Gadget Boutique.
 28962 | Orc:2    | Bought a potion of curing for 45 gold pieces
 28964 | Orc:2    | Bought a scroll labeled IGASKYCESO for 17 gold pieces
 29192 | Orc:2    | Found a roughly hewn altar of Beogh.
 30191 | Lair:6   | Learned a level 6 spell: Deflect Missiles
 30472 | D:10     | Reached XP level 16. HP: 109/109 MP: 28/28
 30570 | D:13     | Noticed Rupert
 30576 | D:13     | Killed Rupert
 30576 | D:13     | Reached skill level 1 in Air Magic
 30612 | D:13     | Found a gate to the Vaults.
 30618 | D:13     | Reached skill level 10 in Fighting
 31091 | D:13     | Reached skill level 5 in Charms
 31091 | D:13     | Reached skill level 2 in Air Magic
 31941 | D:15     | Entered Level 15 of the Dungeon
 32015 | D:15     | Reached skill level 3 in Air Magic
 32202 | D:15     | Noticed Urug
 32221 | D:15     | Reached skill level 10 in Transmutations
 32224 | D:15     | Killed Urug
 32490 | D:15     | Reached skill level 4 in Air Magic
 32540 | D:15     | Found a staircase to the Depths.
 33126 | Elf:1    | Entered Level 1 of the Elven Halls
 33129 | Elf:1    | Reached XP level 17. HP: 116/116 MP: 30/30
 33158 | Elf:1    | Found a magical portal.
 33171 | WizLab   | Entered Lehudib's Moon Base
 33281 | WizLab   | Noticed a tentacled starspawn
 33286 | WizLab   | Killed a tentacled starspawn
 33288 | WizLab   | Noticed a tentacled starspawn
 33295 | WizLab   | Killed a tentacled starspawn
 33296 | WizLab   | Reached skill level 5 in Air Magic
 33386 | WizLab   | Noticed a quicksilver dragon
 33395 | WizLab   | Killed a quicksilver dragon
 33715 | WizLab   | Noticed a tentacled starspawn
 33716 | WizLab   | Noticed a tentacled starspawn
 33721 | WizLab   | Killed a tentacled starspawn
 33722 | WizLab   | Killed a tentacled starspawn
 33862 | WizLab   | Noticed a tentacled starspawn
 33872 | WizLab   | Killed a tentacled starspawn
 33909 | WizLab   | Noticed a tentacled starspawn
 33955 | WizLab   | Reached skill level 6 in Air Magic
 34023 | WizLab   | Gained mutation: You are highly resistant to hostile enchantments. [potion of beneficial mutation]
 34024 | WizLab   | Gained mutation: Your muscles are strong. (Str +2) [potion of beneficial mutation]
 34129 | WizLab   | Noticed a tentacled starspawn
 34135 | WizLab   | Killed a tentacled starspawn
 34135 | WizLab   | Reached skill level 5 in Shields
 34264 | WizLab   | Noticed a moon troll
 34283 | WizLab   | Killed a moon troll
 34303 | WizLab   | Got a wavering sapphire amulet
 34393 | WizLab   | Identified the amulet "Heorghocom" {RegenMP Dex+2} (You found it in a wizard's laboratory)
 34669 | Elf:1    | Found Maehyux's Antique Armour Boutique.
 34742 | Elf:1    | Reached XP level 18. HP: 122/122 MP: 31/31
 34751 | Elf:1    | Identified the Reference Book on Dark Arts
 35051 | Elf:1    | Noticed Roxanne
 35070 | Elf:1    | Killed Roxanne
 35081 | Elf:1    | Learned a level 7 spell: Dragon Form
 35425 | Elf:2    | Reached skill level 7 in Air Magic
 35464 | Elf:2    | Reached skill level 10 in Spellcasting
 35812 | Elf:2    | Found a huge runed gate.
 35812 | Elf:2    | Found a huge runed gate.
 35812 | Elf:2    | Found a huge runed gate.
 35812 | Elf:2    | Found a huge runed gate.
 35812 | Elf:2    | Found a huge runed gate.
 35990 | Elf:3    | Entered Level 3 of the Elven Halls
 36086 | Elf:3    | Found a radiant altar of Vehumet.
 36196 | Elf:3    | Found an ancient bone altar of Kikubaaqudgha.
 36534 | Elf:3    | Noticed a deep elf blademaster
 36539 | Elf:3    | Killed a deep elf blademaster
 36555 | Elf:3    | Reached skill level 15 in Unarmed Combat
 36677 | Elf:3    | Reached skill level 8 in Air Magic
 36715 | Elf:3    | Got a warped glass ring
 36850 | Elf:3    | Noticed a deep elf blademaster
 36855 | Elf:3    | Killed a deep elf blademaster
 36862 | Elf:3    | Noticed a deep elf master archer
 36864 | Elf:3    | Killed a deep elf master archer
 36881 | Elf:3    | Reached XP level 19. HP: 129/129 MP: 33/33
 36925 | Elf:3    | Identified the ring "Ithraon" {rC- MR+ MP+9 Dex+4} (You took it off a deep elf death mage on level 3 of the Elven Halls)
 36932 | Elf:3    | Identified a +4 rod of clouds (9/9) (You took it off a deep elf annihilator on level 3 of the Elven Halls)
 36935 | Elf:3    | Got a translucent bronze ring
 36936 | Elf:3    | Identified the ring of Summertime {Fire rElec Int+2} (You took it off a deep elf sorcerer on level 3 of the Elven Halls)
 36946 | Elf:3    | Got a scorched pewter ring
 37029 | Elf:3    | Identified the ring "Vir Dysh" {+Fly rPois Str+7 Dex-2} (You took it off a deep elf annihilator on level 3 of the Elven Halls)
 37689 | Swamp:1  | Entered Level 1 of the Swamp
 38386 | Swamp:2  | Reached skill level 1 in Evocations
 38621 | Swamp:2  | Reached skill level 10 in Charms
 39255 | Swamp:3  | Reached skill level 9 in Air Magic
 39636 | Swamp:4  | Entered Level 4 of the Swamp
 40335 | Swamp:4  | Got a decaying rune of Zot
 40776 | D:13     | Reached XP level 20. HP: 135/135 MP: 32/34
 40799 | Vaults:1 | Entered Level 1 of the Vaults
 40913 | Vaults:1 | Reached skill level 5 in Evocations
 41079 | Vaults:1 | Found Tyossuis's Assorted Antiques.
 41853 | Vaults:1 | Reached skill level 10 in Air Magic
 42067 | Vaults:2 | Identified a scroll of acquirement
 42158 | Vaults:2 | Found a staircase to the Crypt.
 43441 | Spider:1 | Entered Level 1 of the Spider Nest
 43857 | Spider:1 | Reached XP level 21. HP: 143/143 MP: 36/36
 43949 | Spider:1 | Noticed Asterion
 43953 | Spider:1 | Killed Asterion
 44053 | Spider:2 | Noticed Wiglaf
 44059 | Spider:2 | Killed Wiglaf
 44097 | Spider:2 | Noticed Arachne
 44116 | Spider:2 | Killed Arachne
 44116 | Spider:2 | Reached skill level 11 in Air Magic
 44204 | Spider:2 | Noticed Azrael
 44208 | Spider:2 | Killed Azrael
 44270 | Spider:2 | Noticed Donald
 44281 | Spider:2 | Killed Donald
 45286 | Spider:4 | Entered Level 4 of the Spider Nest
 45547 | Spider:4 | Got a gossamer rune of Zot
 45582 | Spider:4 | Noticed Agnes
 45587 | Spider:4 | Killed Agnes
 47700 | Vaults:3 | Reached XP level 22. HP: 150/150 MP: 37/37
 48066 | Vaults:4 | Found Cotaubo's Jewellery Shop.
 48069 | Vaults:4 | Bought a +4 ring of protection for 684 gold pieces
 48152 | Vaults:4 | Reached skill level 12 in Air Magic
 48303 | Vaults:4 | Found Yntonaepa's General Store.
 48316 | Vaults:4 | Bought a scroll of acquirement for 780 gold pieces
 48591 | Vaults:4 | Found Ixishrak's Book Boutique.
 48802 | Vaults:4 | Found Ickeuth's Assorted Antiques.
 48802 | Vaults:4 | Found Keexeumn's Magic Scroll Emporium.
 48809 | Vaults:4 | Bought a potion of curing for 90 gold pieces
 49453 | Slime:1  | Entered Level 1 of the Pits of Slime
 49455 | Slime:1  | Gained mutation: Your magical capacity is low (-10% MP). [a shining eye]
 49455 | Slime:1  | Gained mutation: You are clumsy. (Dex -2) [a shining eye]
 49457 | Slime:1  | Reached skill level 10 in Evocations
 49480 | Slime:2  | Reached skill level 15 in Dodging
 49594 | Slime:5  | Paralysed by a giant eyeball for 3 turns
 49822 | Slime:6  | Entered Level 6 of the Pits of Slime
 49826 | Slime:6  | Noticed Scytalen's ghost (legendary TrBe)
 49835 | Slime:6  | Killed Scytalen's ghost
 49871 | Slime:6  | Noticed the Royal Jelly
 49887 | Slime:6  | Reached skill level 13 in Air Magic
 49891 | Slime:6  | Reached skill level 15 in Invocations
 49891 | Slime:6  | Reached XP level 23. HP: 157/157 MP: 35/35
 49897 | Slime:6  | Killed the Royal Jelly
 49936 | Slime:6  | Got an ancient brass ring
 49938 | Slime:6  | Identified the ring "Depsytawn" {SustAt Int-4 Dex+10 SInv} (You found it on level 6 of the Pits of Slime)
 50014 | Slime:6  | Got a slimy rune of Zot
 50616 | Crypt:1  | Entered Level 1 of the Crypt
 50767 | Crypt:1  | Found a shimmering altar of Xom.
 51130 | Crypt:2  | Noticed Khufu
 51141 | Crypt:2  | Killed Khufu
 51144 | Crypt:2  | Noticed a greater mummy
 51180 | Crypt:2  | Noticed a greater mummy
 51187 | Crypt:2  | Killed a greater mummy
 51936 | Crypt:3  | Entered Level 3 of the Crypt
 52013 | Crypt:3  | Reached skill level 14 in Air Magic
 52130 | Crypt:3  | Found a staircase to the Tomb.
 52228 | Crypt:3  | Reached XP level 24. HP: 163/163 MP: 35/35
 52417 | Crypt:3  | Found a basalt altar of Yredelemnul.
 52425 | Crypt:3  | Found an ancient bone altar of Kikubaaqudgha.
 52446 | Crypt:3  | Got a bound zirconium amulet
 52449 | Crypt:3  | Identified the amulet of Twilight {MR+ Regen+ Int+5 Dex+4} (You found it on level 3 of the Crypt)
 52456 | Crypt:3  | Got a warped iron ring
 52458 | Crypt:3  | Identified the ring "Queg" {*Contam rN+ Str+4 Dex+7} (You found it on level 3 of the Crypt)
 53328 | Depths:1 | Entered Level 1 of the Depths
 53522 | Depths:1 | Found a gateway to Hell.
 54038 | Depths:1 | Found a gateway to a ziggurat.
 54259 | Depths:2 | Reached skill level 15 in Air Magic
 54407 | Depths:2 | Identified the Reference Book on Augmentations and Beguiling (You found it on level 2 of the Depths)
 54780 | Depths:2 | Found a runed door.
 54822 | Depths:2 | Reached XP level 25. HP: 66/171 MP: 35/36
 55993 | Lair:6   | Learned a level 9 spell: Tornado
 56492 | Depths:3 | Reached skill level 16 in Air Magic
 56656 | Depths:3 | Reached skill level 17 in Air Magic
 56668 | Depths:3 | Found a one-way gate leading to the halls of Pandemonium.
 56752 | Depths:3 | Got a shimmering platinum ring
 56753 | Depths:3 | Identified the ring "Raoji" {*Tele rElec rN+ MP+9 Str-2} (You found it on level 3 of the Depths)
 57020 | Depths:4 | Reached skill level 18 in Air Magic
 57216 | Depths:4 | Found a one-way gate to the infinite horrors of the Abyss.
 57566 | Depths:4 | Noticed an ancient lich
 57579 | Depths:4 | Killed an ancient lich
 57579 | Depths:4 | Reached skill level 19 in Air Magic
 57617 | Depths:4 | Got a sparkling lead ring
 57618 | Depths:4 | Identified the ring "Myesud" {Str+3 Dex+2} (You found it on level 4 of the Depths)
 57937 | Depths:4 | Reached XP level 26. HP: 177/177 MP: 33/36
 57945 | Depths:4 | Voluntarily entered the Abyss.
 58094 | Abyss:1  | Gained mutation: You occasionally shout uncontrollably at your foes. [a neqoxec]
 58445 | Abyss:1  | Gained mutation: You are frail (-10% HP). [a neqoxec]
 58596 | Abyss:1  | Reached skill level 20 in Air Magic
 58635 | Abyss:2  | Found a corrupted altar of Lugonu.
 59423 | Abyss:3  | Paralysed by accursed screaming for 1 turns
 59499 | Abyss:3  | Found a huge runed gate.
 59499 | Abyss:3  | Found a huge runed gate.
 59499 | Abyss:3  | Found a huge runed gate.
 59499 | Abyss:3  | Found a huge runed gate.
 59537 | Abyss:3  | Paralysed by accursed screaming for 2 turns
 59770 | Abyss:3  | Got a coiled ruby amulet
 59771 | Abyss:3  | Identified the amulet "Meibb" {Gourm rN+} (You found it on level 3 of the Abyss)
 59796 | Abyss:3  | Reached skill level 21 in Air Magic
 59964 | Abyss:3  | Got an abyssal rune of Zot
 60065 | Abyss:3  | Gained mutation: Your body sometimes deteriorates upon taking damage. [a neqoxec]
 60177 | Abyss:3  | Found a radiant altar of Vehumet.
 60278 | Abyss:3  | Learned a level 3 spell: Regeneration
 60452 | Depths:4 | Escaped the Abyss
 60472 | Depths:5 | Entered Level 5 of the Depths
 60495 | Depths:5 | Reached skill level 22 in Air Magic
 60603 | Depths:5 | Reached XP level 27. HP: 163/163 MP: 31/36
 60826 | Depths:5 | Found a gate to the Realm of Zot.
 61104 | Depths:5 | Reached skill level 23 in Air Magic
 61513 | Zot:1    | Entered Level 1 of the Realm of Zot
 61880 | Vaults:5 | Entered Level 5 of the Vaults
 61924 | Vaults:5 | Reached skill level 24 in Air Magic
 62676 | Vaults:5 | Reached skill level 25 in Air Magic
 62733 | Vaults:5 | Identified the Compendium of the Albatross (You found it on level 5 of the Vaults)
 62967 | Vaults:5 | Found Kyiwkaocs's Food Boutique.
 62978 | Vaults:5 | Identified the Reference Book on Dark Rituals
 63086 | Vaults:5 | Got a silver rune of Zot
 65985 | Zot:4    | Noticed an orb of fire
 65992 | Zot:4    | Killed an orb of fire
 65993 | Zot:4    | Reached skill level 15 in Fighting
 66407 | Zot:5    | Entered Level 5 of the Realm of Zot
 66652 | Zot:5    | HP: 10/217 [Orb Guardian (46)]
 66652 | Zot:5    | Annihilated by an Orb Guardian

Vault maps used:
D:1:      evilmike_arrival_run_for_it, minmay_curled_crystal
D:2:      serial_undead, serial_undead_a, serial_undead_b, serial_undead_b,
          serial_undead_c, first_bread
D:3:      kennysheep_slugbush, gammafunk_temple_overflow_statue, uniq_iyjb
D:4:      zin_academy, grunt_pakellas_mercury, minmay_temple_entry_crystal_x,
          minmay_misc_feat_diagonals, uniq_sigmund
D:5:      nicolae_qazlal_style_of_elements, uniq_blork_the_orc
D:6:      marbit_many_paths, demons_altar, lightli_ossuary_entry_decrepit_ruins,
          minmay_liquid_box, grunt_decor_cap, uniq_pikel, uniq_prince_ribbit1
D:7:      evilmike_ruin_ashenzari, nicolae_overflow_hidden_temple,
          hangedman_decor_growths, grunt_ogre_cave, lightli_church_of_beogh
D:8:      black_bear_nest_1
D:9:      old_standard_altar, david_lair_shrubbed, basic_altar
D:10:     uniq_gastronok, uniq_grum
D:11:     wad_cavern_with_rooms, basic_altar
D:12:     kennysheep_orc_monster_closet_entryway
D:13:     lightli_vaults_fourway_checkpoint, uniq_rupert
D:14:     minmay_tree_intersection, kennysheep_nub
D:15:     hangedman_depths_entry_civil_slaughter, minivault_23, uniq_urug
Temple:   roderic_octagonal_lattice_temple
Lair:1:   small_statue_intersection
Lair:2:   lab_entry_generic, grunt_forest_small_clearing_treed
Lair:3:   serial_bayou, serial_bayou_lake_a, serial_bayou_pond_b,
          serial_bayou_ford_a, worms_lemuel
Lair:4:   infiniplex_staircase_pool_2, lemuel_fruit_tree
Lair:5:   spider_nest_entry_funnel_web, nicolae_quartered_pool_super,
          wad_woods_river_02, uniq_nessos
Lair:6:   minmay_swamp_entry_wisps, dpeg_slime_entry_corner,
          nicolae_quartered_pool_medium, minivault_29, grunt_megastairs_3
Lair:8:   due_jungle_book, basic_altar, uniq_josephine
Swamp:1:  evilmike_swamp_ruin_house_4, swamp_pool4
Swamp:2:  evilmike_swamp_ruin_house_1
Swamp:3:  nicolae_swamp_fairy_circle, swamp_pool5
Swamp:4:  swamp_alternative
Spider:1: uniq_asterion
Spider:2: uniq_donald, uniq_arachne, uniq_wiglaf, uniq_azrael
Spider:4: spider_rune_water, uniq_agnes
Slime:1:  cheibrodos_slime_lost_civilization_7
Slime:4:  nicolae_slime_welcoming_committee
Orc:1:    abandoned_shop
Orc:2:    st_orc_rangers, basic_altar
Elf:1:    minmay_elf_arrival_summoners, infiniplex_enter_wizlab_glasses,
          serial_shops, nicolae_shop_temple_entry_statues_fountains,
          minmay_elf_necromancy, hex_intersection, uniq_roxanne
Elf:3:    minmay_elf_hall_golems, basic_altar, lemuel_statue_altar
Vaults:1: v_alt_pattern_3, v_misc_5, ontoclasm_vaults_chip, vaults_dpeg_ring,
          ontoclasm_vaults_twist, v_pattern_4, v_alt_pattern_5, v_misc_26,
          nicolae_vaults_shelves_hall, v_rooms_3, ontoclasm_vaults_hangar,
          nicolae_vaults_little_ls, serial_shops, nicolae_shop_window_shopping
Vaults:2: minmay_crypt_entry_nasty_monster, vaults_room_ringed_pool, v_misc_11,
          v_misc_10, grunt_vaults_swirl, vaults_dpeg_cross,
          hangedman_vaults_stagger, hangedman_vaults_snaps, st_more_cells,
          v_misc_15, ontoclasm_vaults_misaligned, nicolae_vaults_alarming
Vaults:3: v_alt_pattern_3, ontoclasm_vaults_idyll, v_misc_10, v_rooms_2,
          ontoclasm_vaults_bender, ontoclasm_vaults_chip
Vaults:4: nicolae_vaults_yaktaur_gun_rack, v_misc_15,
          vaults_standard_mumra_lines, vaults_room_stairs_pillars,
          nicolae_vaults_little_squares_6, serial_ice_g, v_misc_5,
          hangedman_vaults_locks, vaults_room_semicircle,
          ontoclasm_vaults_ring_large, ontoclasm_vaults_ligature, serial_shops,
          shop, nicolae_shop_waterfront, nicolae_shop_overgrown_old_shop, shop,
          nicolae_shop_statue_plus
Crypt:1:  basic_altar, st_stairs_4, grunt_crypt_arrival_guarded_gate
Crypt:2:  minmay_shadows, corner_web_ring, nicolae_crypt_ancient_font,
          roderic_lattice_octagonal_star, uniq_khufu
Crypt:3:  lightli_unholy_cathedral, tomb_entry_sphere_bobbens
Depths:1: enter_ziggurat_c, dk_noncrumbling_3, hell_entry, st_stairs_4,
          lemuel_nasty_fountain, serial_bayou_shore_b
Depths:2: cheibrodos_lost_city_excavation, kennysheep_boxes,
          pf_hell_entry_tar_river, minmay_crystal_box,
          infiniplex_staircase_pillars_1
Depths:3: radiant_caverns_a_rkd, pan_entry, hell_entry
Depths:4: evilmike_wizard_prison, grunt_hell_entry_dis_old, abyss_entry,
          nicolae_sextant, infiniplex_staircase_x, firewood_loft,
          serial_bayou_shore_b
Depths:5: grunt_x_marks_the_spot, grunt_mini_vestibule, rand_demon_pan_entry_7,
          fountainhead
Zot:1:    evilmike_crystal_ball_defense
Zot:4:    st_stairs_1
Abyss:3:  evilmike_abyss_exit_4, abyss_fake_exit
Lab:      labyrinth_watery
Ossuary:  ossuary_minmay_chase
WizLab:   wizlab_lehudib

Skill      XL: |  1  2  3  4  5  6  7  8  9 10 11 12 13 14 15 16 17 18 19 20 21 22 23 24 25 26 27 |
---------------+----------------------------------------------------------------------------------+-----
Stealth        | 3 4 5 7 |  7.5
Dodging        | 4 5 7 8 10 11 12 13 14 15 16 | 16.8
Unarmed Combat | 5 6 7 8 9 10 12 13 14 15 16 17 18 19 20 | 20.7
Fighting       | 4 5 6 7 8 9 10 11 12 13 15 | 15.1
Invocations    | 3 5 8 10 11 12 13 15 16 19 | 19.0
Spellcasting   | 4 7 8 9 10 11 12 13 | 13.1
Transmutations | 5 8 9 10 11 | 11.8
Earth Magic    | 5 8 9 |  9.0
Charms         | 4 6 8 9 10 11 | 11.0
Shields        | 1 4 5 6 |  6.0
Air Magic      | 4 6 8 9 10 11 13 14 15 19 22 25 | 25.9
Evocations     | 4 7 9 10 11 12 | 12.0

Action                   |  1- 3 |  4- 6 |  7- 9 | 10-12 | 13-15 | 16-18 | 19-21 | 22-24 | 25-27 || total
-------------------------+-------+-------+-------+-------+-------+-------+-------+-------+-------++-------
Melee: Unarmed           |    89 |   137 |   254 |   585 |   954 |   634 |   967 |   807 |  1227 ||  5654
       Constrict         |    17 |    37 |    69 |   136 |   142 |   101 |   156 |   114 |   201 ||   973
       Tentacles         |    16 |    25 |    85 |   245 |   278 |   226 |   224 |   245 |   389 ||  1733
       Punch             |     3 |     5 |    22 |   104 |   148 |   126 |   160 |   178 |   307 ||  1053
       Kick              |       |       |    31 |   388 |   438 |   369 |   401 |   402 |   646 ||  2675
       Tailslap          |       |       |       |       |       |     1 |       |       |       ||     1
       Bite              |       |       |       |       |       |     1 |       |       |       ||     1
 Cast: Ozocubu's Armour  |       |       |       |       |    10 |       |       |       |       ||    10
       Ice Form          |       |       |       |       |    10 |       |       |       |       ||    10
       Statue Form       |       |       |       |       |    31 |    55 |   129 |    88 |   147 ||   450
       Deflect Missiles  |       |       |       |       |       |     3 |     4 |     2 |     5 ||    14
       Apportation       |       |       |       |       |       |     1 |       |       |       ||     1
       Dragon Form       |       |       |       |       |       |     2 |       |       |       ||     2
       Tornado           |       |       |       |       |       |       |       |       |    25 ||    25
       Regeneration      |       |       |       |       |       |       |       |       |     4 ||     4
Invok: Slouch            |       |       |     2 |     4 |     9 |    10 |    13 |     9 |    14 ||    61
       Step From Time    |       |       |       |       |       |       |     1 |     1 |       ||     2
       Bend Time         |       |       |       |       |       |       |     2 |       |       ||     2
       Temporal Distorti |       |       |       |       |       |       |       |     1 |       ||     1
 Abil: Evoke Flight      |       |       |       |       |       |       |       |     2 |       ||     2
Evoke: Wand              |       |       |       |       |     3 |     3 |     2 |     6 |     3 ||    17
       Deck              |       |       |       |       |       |       |     1 |       |       ||     1
  Use: Scroll            |       |     7 |    11 |    10 |    11 |     8 |     9 |    13 |     8 ||    77
       Potion            |       |       |     3 |       |     1 |     2 |       |     3 |       ||     9
 Stab: Sleeping          |    19 |     8 |    15 |    37 |    49 |     9 |    10 |    16 |     7 ||   170
       Distracted        |       |     1 |       |     6 |    13 |    10 |     3 |     4 |    15 ||    52
       Paralysed         |       |       |       |       |     2 |       |       |       |       ||     2
       Confused          |       |       |       |       |       |       |     1 |       |       ||     1
  Eat: Chunk             |       |     3 |     9 |    31 |    27 |    21 |    30 |    13 |    28 ||   162
       Royal jelly       |       |     1 |       |       |       |     3 |     3 |     1 |     3 ||    11
       Meat ration       |       |     1 |       |       |       |       |       |       |       ||     1
       Beef jerky        |       |       |       |       |       |       |     2 |       |       ||     2
       Fruit             |       |       |       |       |       |       |     1 |     2 |     2 ||     5
       Pizza             |       |       |       |       |       |       |     1 |     5 |     3 ||     9
Armor: Skin              |    12 |    16 |     1 |     9 |   125 |    96 |   243 |   230 |   362 ||  1094
Dodge: Dodged            |    50 |   115 |   168 |   481 |  1281 |   648 |  1868 |  1386 |  1855 ||  7852
       Deflected         |       |       |       |       |       |    27 |    31 |    10 |    94 ||   162
Block: Buckler           |       |       |       |       |    59 |   195 |   568 |   486 |  1048 ||  2356
